 Dungeon Crawl Stone Soup version 0.18.1-48-g4cf74bf (webtiles) character file.

5678 Inkary the Fighter (level 10, -5/72 HPs)
             Began as a Gargoyle Fighter on July 28, 2016.
             Was an Elder of Okawaru.
             Shot with an arrow by a centaur warrior (7 damage)
             ... on level 9 of the Dungeon.
             The game lasted 00:28:46 (9000 turns).

Inkary the Fighter (Gargoyle Fighter)               Turns: 9000, Time: 00:28:47

Health: -5/72      AC: 17    Str: 29    XL:     10   Next: 75%
Magic:  10/10      EV:  6    Int:  9    God:    Okawaru [****..]
Gold:   54         SH:  0    Dex: 10    Spells: 0 memorised, 9 levels left

rFire  . . .     SeeInvis .     U - +1 whip (freeze)
rCold  + . .     Gourm    .     J - +1 robe of the Dozen Souls {rPois rC+ Str+8 Dex-3} (curse)
rNeg   + . .     Faith    +     (no shield)
rPois  ∞         Spirit   .     (no helmet)
rElec  +         Dismiss  .     r - +2 cloak
rCorr  .         Reflect  .     l - +0 pair of gloves
SustAt +         Harm     .     (no boots)
MR     .....                    R - amulet of faith
Stlth  +.........               y - +2 ring of protection
                                K - ring of sustain attributes

@: not resistant to hostile enchantments, very unstealthy
A: agile 1, negative energy resistance 1, electricity resistance, wild magic 1,
unbreathing, petrification resistance, rot immunity, AC +7
a: Heroism, Renounce Religion


You were on level 9 of the Dungeon.
You worshipped Okawaru.
Okawaru was greatly pleased with you.
You were hungry.

You visited 1 branch of the dungeon, and saw 9 of its levels.

You collected 54 gold pieces.

Inventory:

Hand Weapons
 U - a +1 whip of freezing (weapon)
Armour
 b - a +0 scale mail
 l - a +0 pair of gloves (worn)
 r - a +2 cloak (worn)
 J - the cursed +1 robe of the Dozen Souls (worn) {rPois rC+ Str+8 Dex-3}
   (You found it on level 4 of the Dungeon)

   It affects your strength (+8).
   It affects your dexterity (-3).
   It protects you from cold.
   It protects you from poison.
   It has a curse placed upon it.
Jewellery
 h - an uncursed ring of fire
 y - a +2 ring of protection (right hand)
 K - a ring of sustain attributes (left hand)
 P - an uncursed amulet of regeneration {unknown}
 R - an amulet of faith (around neck)
Wands
 t - a wand of paralysis (5/24)
 v - a wand of acid (3/15)
 D - a wand of lightning (3/15)
 G - a wand of random effects (26/48)
 M - a wand of random effects (30/48)
 O - a wand of paralysis (3/24)
Scrolls
 a - a scroll of amnesia {unknown}
 e - 2 scrolls of recharging
 i - a scroll of fog
 j - a scroll of teleportation
 k - 3 scrolls of enchant armour
 m - 3 scrolls of random uselessness {unknown}
 n - a scroll of fear {unknown}
 p - a scroll of enchant weapon
 w - a scroll of identify {unknown}
 W - 5 scrolls of remove curse {unknown}
Potions
 d - a potion of might
 g - a potion of brilliance {unknown}
 o - a potion of curing
 s - a potion of flight
 u - a potion of beneficial mutation {unknown}
 x - a potion of agility {unknown}
 A - a potion of degeneration {unknown}
 C - a potion of ambrosia
Books
 X - an Akashic Record

   Spells                             Type                      Level
   a - Dispersal                      Translocation                6
   b - Malign Gateway                 Summoning/Translocation      7
   c - Disjunction                    Translocation                8
   d - Controlled Blink               Translocation                8
Comestibles
 f - 7 bread rations
 q - a slice of pizza
 E - 4 fruits
 H - 3 beef jerkies
 I - 9 royal jellies


   Skills:
 * Level 12.3 Fighting
 + Level 8.2 Maces & Flails
 + Level 9.2 Armour
   Level 3.2 Shields


You had 9 spell levels left.
You didn't know any spells.

Dungeon Overview and Level Annotations

Branches:
Dungeon (9/15)             Temple (0/1) D:7
   Lair: D:8-11         Orc: D:9-12

Altars:
Ashenzari
Elyvilon
Gozag
Kikubaaqudgha
Makhleb
Okawaru
Pakellas
Qazlal
Trog
Vehumet
Xom
Yredelemnul
Zin
The Shining One

Shops:
D:4 (

Annotations:
D:8 Maurice


Innate Abilities, Weirdness & Mutations

You are resistant to torment.
Your stone body is resilient (AC +7).
You are immune to poison.
You resist negative energy.
You are resistant to electric shocks.
You can survive without breathing.
You are immune to petrification.
You are immune to rotting.
You are agile. (Dex +2)
Your spells are a little harder to cast, but a little more powerful.


Message History

You see here an arrow.
The centaur warrior shoots an arrow.
The arrow hits you!
You see here an arrow.
The centaur warrior shoots an arrow.
The arrow hits you.
The centaur warrior shoots an arrow.
The arrow hits you.
* * * LOW HITPOINT WARNING * * *
You see here 2 arrows.
The centaur warrior shoots an arrow.
The arrow closely misses you.
All of the chunks of flesh in your inventory have rotted away.
The centaur warrior shoots an arrow.
The arrow hits you!
* * * LOW HITPOINT WARNING * * *
The centaur warrior shoots an arrow.
The arrow barely misses you.
You see here an arrow.
The centaur warrior shoots an arrow.
The arrow barely misses you.
There is an open door here.
There is a stone staircase leading up here.
The centaur warrior shoots an arrow.
The arrow hits you.
* * * LOW HITPOINT WARNING * * *
The centaur warrior shoots an arrow.
The arrow hits you!
You die...

##.'#...#'.## #####.....#####
#....c........# #..o...8......#
#(.o..........#
#####(###.(..(###.#
[..o.##..#..(#'.###
....o#...#...#...#
###(.#>.##...##.@#
###..####....##### ###)o.#
#...### ..§§..# ##....# #####
##.§#...#####.#### #...#
#..§§§.... #....############...#
#§§§§P§##..####......#.....#...#
..§PP..# #. ##)...............#
..§§..§####.###..................


You could see a centaur warrior.

Vanquished Creatures
  Pikel (D:7)
  Psyche (D:8)
  A troll (D:9)
  A two-headed ogre (D:8)
  Menkaure (D:4)
  2 hungry ghosts
  An ice beast (D:9)
  A slave (D:7)
  3 sky beasts
  2 orc warriors (D:7)
  3 centaurs
  An ogre (D:7)
  2 phantoms
  A necrophage (D:7)
  An elf skeleton (D:8)
  8 giant frogs
  A wyvern skeleton (D:9)
  15 killer bees (D:8)
  2 wights (D:9)
  2 howler monkeys
  2 centaur zombies
  8 crimson imps
  A wasp zombie (D:9)
  2 giant frog zombies
  2 hounds
  A quasit (D:8)
  A jelly (D:5)
  2 centaur skeletons
  3 human zombies (D:8)
  2 giant frog skeletons
  5 orc wizards
  An iguana (D:6)
  An orc priest (D:7)
  A human skeleton (D:8)
  Natasha (twice) (D:3)
  4 worker ants
  The ghost of Joat the Magician, a weakling DsWz (D:6)
  A hound zombie (D:6)
  8 adders
  9 river rats (D:5)
  5 shadow imps
  2 oozes
  2 adder zombies (D:6)
  An adder skeleton (D:8)
  3 worms (D:2)
  4 dart slugs
  A giant gecko (D:6)
  27 orcs
  2 ball pythons
  8 giant cockroaches
  7 goblins
  8 hobgoblins
  16 jackals
  4 quokkas
  9 bats
  A giant cockroach zombie (D:5)
  3 giant newts
  8 kobolds
  An orc zombie (D:8)
  38 rats
  A spectral orc (D:7)
258 creatures vanquished.

Vanquished Creatures (others)
  A slave (D:9)
  2 orcs (D:7)
3 creatures vanquished.

Grand Total: 261 creatures vanquished

Notes
Turn   | Place    | Note
--------------------------------------------------------------
     0 | D:1      | Inkary the Gargoyle Fighter began the quest for the Orb.
     0 | D:1      | Reached XP level 1. HP: 14/14 MP: 1/1
   319 | D:1      | Reached XP level 2. HP: 17/19 MP: 2/2
   605 | D:1      | Reached XP level 3. HP: 19/24 MP: 3/3
  1110 | D:2      | Reached skill level 4 in Fighting
  1375 | D:2      | Found an oddly glowing altar of Pakellas.
  1585 | D:2      | Reached XP level 4. HP: 29/29 MP: 4/4
  1609 | D:2      | Noticed a moth of wrath
  1611 | D:2      | Found a bloodstained altar of Trog.
  1894 | D:2      | Found a shattered altar of Ashenzari.
  2277 | D:3      | Reached XP level 5. HP: 28/34 MP: 5/5
  2595 | D:3      | Found a radiant altar of Vehumet.
  2671 | D:3      | Noticed Natasha
  2682 | D:3      | Killed Natasha
  2682 | D:3      | Reached skill level 5 in Fighting
  2875 | D:3      | Noticed Natasha
  2879 | D:3      | Killed Natasha
  3012 | D:4      | Reached XP level 6. HP: 40/40 MP: 6/6
  3060 | D:4      | Noticed Menkaure
  3066 | D:4      | Killed Menkaure
  3066 | D:4      | Reached skill level 5 in Armour
  3446 | D:4      | Reached skill level 6 in Fighting
  3569 | D:4      | Found Zaxkygga's Antique Weapon Boutique.
  3592 | D:4      | Got a colourful robe
  4147 | D:5      | Entered Level 5 of the Dungeon
  4160 | D:5      | Reached XP level 7. HP: 32/46 MP: 7/7
  4677 | D:5      | Found a stormy altar of Qazlal.
  4758 | D:5      | Found a white marble altar of Elyvilon.
  4829 | D:5      | Reached skill level 7 in Fighting
  4845 | D:5      | Found an opulent altar of Gozag.
  4858 | D:5      | Found a glowing golden altar of the Shining One.
  4861 | D:5      | Found a glowing silver altar of Zin.
  4871 | D:5      | Found an ancient bone altar of Kikubaaqudgha.
  5194 | D:5      | Reached XP level 8. HP: 34/53 MP: 8/8
  5491 | D:6      | Noticed Joat's ghost (weakling DsWz)
  5499 | D:6      | Killed Joat's ghost
  5499 | D:6      | Reached skill level 8 in Fighting
  5605 | D:6      | Reached skill level 5 in Maces & Flails
  5688 | D:6      | Gained mutation: Your body sometimes deteriorates upon taking damage. [mutagenic meat]
  5690 | D:6      | Gained mutation: You possess an exceptional clarity of mind. [mutagenic meat]
  5692 | D:6      | Gained mutation: Your spells are a little harder to cast, but a little more powerful. [mutagenic meat]
  5693 | D:6      | Gained mutation: You have a pair of small antennae on your head. [mutagenic meat]
  5760 | D:6      | Reached skill level 9 in Fighting
  5870 | D:6      | Reached XP level 9. HP: 56/60 MP: 9/9
  6045 | D:6      | Found a burning altar of Makhleb.
  6046 | D:6      | Found a shimmering altar of Xom.
  6145 | D:7      | Found an iron altar of Okawaru.
  6146 | D:7      | Found a bloodstained altar of Trog.
  6159 | D:7      | Became a worshipper of Warmaster Okawaru
  6233 | D:7      | Gained mutation: You are agile. (Dex +2) [mutagenic meat]
  6234 | D:7      | Gained mutation: You occasionally shout uncontrollably at your foes. [mutagenic meat]
  6280 | D:7      | Paralysed by an orc warrior for 5 turns
  6366 | D:7      | Found a staircase to the Ecumenical Temple.
  6403 | D:7      | Reached * piety under Okawaru
  6663 | D:7      | Noticed Pikel
  6663 | D:7      | Reached skill level 10 in Fighting
  6699 | D:7      | Killed Pikel
  6831 | D:7      | Found a basalt altar of Yredelemnul.
  7087 | D:8      | Noticed a two-headed ogre
  7132 | D:8      | Reached ** piety under Okawaru
  7142 | D:8      | Killed a two-headed ogre
  7142 | D:8      | Reached skill level 11 in Fighting
  7142 | D:8      | Reached XP level 10. HP: 33/69 MP: 10/10
  7147 | D:8      | Lost mutation: You possess an exceptional clarity of mind. [potion of cure mutation]
  7147 | D:8      | Lost mutation: Your body sometimes deteriorates upon taking damage. [potion of cure mutation]
  7147 | D:8      | Lost mutation: You occasionally shout uncontrollably at your foes. [potion of cure mutation]
  7147 | D:8      | Lost mutation: You have a pair of small antennae on your head. [potion of cure mutation]
  7209 | D:8      | Noticed Psyche
  7377 | D:8      | Killed Psyche
  7377 | D:8      | Reached *** piety under Okawaru
  7850 | D:8      | Noticed Maurice
  8355 | D:8      | Paralysed by Maurice for 4 turns
  8445 | D:8      | Paralysed by something for 4 turns
  8506 | D:9      | Reached skill level 12 in Fighting
  8750 | D:9      | Reached **** piety under Okawaru
  8761 | D:9      | Identified the cursed +1 robe of the Dozen Souls {rPois rC+ Str+8 Dex-3} (You found it on level 4 of the Dungeon)
  8795 | D:9      | Found a shattered altar of Ashenzari.
  8936 | D:9      | Noticed a centaur warrior
  8945 | D:9      | Paralysed by a wight for 7 turns
  9000 | D:9      | HP: 2/72 [centaur warrior/arrow (5)]
  9000 | D:9      | Shot with an arrow by a centaur warrior

Skill      XL: |  1  2  3  4  5  6  7  8  9 10 |
---------------+-------------------------------+-----
Fighting       | 4 5 6 7 9 11 12 | 12.3
Armour         | 4 5 6 7 8 9 |  9.2
Maces & Flails | 3 4 5 7 8 |  8.2
Shields        | |  3.2

Action                   |  1- 3 |  4- 6 |  7- 9 | 10-12 || total
-------------------------+-------+-------+-------+-------++-------
Melee: Flail             |   172 |   234 |   453 |       ||   859
       Morningstar       |       |       |    67 |       ||    67
       Whip              |       |       |    51 |   489 ||   540
Evoke: Wand              |       |       |     2 |     9 ||    11
  Use: Potion            |       |       |     4 |    13 ||    17
       Scroll            |       |       |     1 |     6 ||     7
 Stab: Invisible         |       |       |       |     7 ||     7
  Eat: Chunk             |     2 |     8 |    21 |     3 ||    34
       Meat ration       |       |       |     1 |     1 ||     2
       Fruit             |       |       |     1 |       ||     1
       Pizza             |       |       |       |     3 ||     3
       Royal jelly       |       |       |       |     1 ||     1
Armor: Scale mail        |   121 |   187 |   365 |   289 ||   962
       Robe              |       |       |       |    22 ||    22
Dodge: Dodged            |   122 |   143 |   310 |   217 ||   792
